Map: 2000 Atmospheres LE

Players

snakeyes - Winner!

  • Race: Zerg Zerg
  • League: Diamond

ViBE

  • Race: Zerg Zerg
  • League: Diamond

VOD

Have the link to the VOD?

Description

Time

  • Played on: April 9, 2021, 1:39 a.m.
  • Length: 12:44
Show
View Real Time Build Order
Export as new Build Order

snakeyes Zerg - Winner!

Build Orders: Hatch First, Lurkers 

Get SALT Encoding   

  12  0:00  Drone  
  13  0:12  Overlord  
  13  0:17  Drone  
  14  0:30  Drone  
  14  0:31  Drone  
  16  0:49  Drone x2  
  18  0:50  Extractor  
  17  0:58  Hatchery  
  16  1:06  Drone  
  17  1:19  Spawning Pool, Drone  
  17  1:24  Drone  
  18  1:32  Drone  
  19  1:46  Drone  
  21  1:54  Drone  
  21  2:00  Overlord  
  21  2:19  Queen x2  
  21  2:20  Zergling x4  
  21  2:21  Drone  
  21  2:22  Drone  
  29  2:25  Metabolic Boost  
  29  2:39  Hatchery  
  28  2:51  Overlord x2  
  28  2:52  Drone  
  28  2:54  Drone  
  30  3:11  Drone x4  
  34  3:16  Drone  
  34  3:17  Drone  
  34  3:19  Queen  
  36  3:26  Drone x2  
  38  3:38  Drone x3  
  38  3:40  Overlord  
  41  3:47  Lair  
  41  3:49  Drone  
  41  3:51  Drone, Baneling Nest  
  41  3:52  Extractor, Drone  
  41  3:53  Drone  
  41  3:55  Drone  
  44  4:01  Drone  
  46  4:02  Drone  
  46  4:03  Drone  
  47  4:11  Drone  
  47  4:13  Drone x2  
  50  4:17  Overlord  
  50  4:23  Drone x2  
  52  4:34  Overlord, Drone  
  52  4:35  Drone  
  52  4:38  Drone x3  
  55  4:39  Drone x2  
  59  4:53  Drone  
  59  4:54  Extractor, Drone x5  
  59  4:55  Extractor, Drone  
  59  4:56  Drone  
  65  5:00  Centrifical Hooks  
  65  5:06  Hatchery, Drone  
  65  5:08  Hydralisk Den  
  65  5:09  Extractor, Drone x3  
  66  5:20  Drone x2  
  68  5:22  Zergling x2  
  68  5:27  Zergling x2  
  70  5:29  Zergling x2  
  70  5:30  Zergling x2  
  70  5:35  Overlord x2  
  72  5:39  Drone x2  
  72  5:42  Evolution Chamber, Drone  
  74  5:45  Evolution Chamber  
  74  5:46  Muscular Augments  
  73  5:50  Overlord x2  
  73  5:51  Zergling x2  
  73  5:54  Zergling x4  
  73  5:55  Zergling x4  
  78  6:04  Drone  
  78  6:05  Drone x4  
  78  6:09  Zergling x2  
  78  6:10  Overseer  
  84  6:11  Overseer  
  84  6:16  Zergling x4  
  86  6:18  Queen  
  86  6:19  Queen  
  86  6:22  Queen  
  86  6:23  Queen  
  86  6:24  Drone  
  86  6:25  Drone x3  
  98  6:28  Baneling  
  98  6:29  Baneling x13  
  98  6:35  Zergling x16  
  106  6:57  Overlord, Grooved Spines  
  106  6:58  Overlord  
  106  7:12  Overlord x3  
  106  7:13  Baneling  
  106  7:14  Baneling x20  
  106  7:15  Hydralisk, Baneling x2  
  106  7:16  Hydralisk x6  
  106  7:20  Extractor  
  106  7:21  Extractor  
  118  7:27  Extractor, Drone x2  
  118  7:29  Overlord x4  
  118  7:37  Zergling x2  
  118  7:38  Zergling x12  
  125  7:45  Zerg Melee Weapons Level 1, Zerg Missile Weapons Level 1  
  125  7:50  Hydralisk  
  125  7:51  Hydralisk x5  
  127  7:52  Zergling x2  
  127  7:56  Drone x2  
  127  7:57  Drone x2  
  143  8:05  Drone  
  143  8:09  Hatchery, Drone x5  
  147  8:23  Hydralisk x4  
  147  8:24  Zergling x10  
  147  8:25  Baneling x3  
  147  8:26  Baneling x3  
  161  8:27  Zergling x6  
  163  8:38  Extractor  
  163  8:40  Overlord x2, Zergling x10  
  167  8:41  Zergling x2  
  160  9:02  Hydralisk x8  
  147  9:03  Zergling x6  
  147  9:04  Zergling x8  
  155  9:14  Lurker Den  
  155  9:16  Hydralisk x9  
  172  9:32  Drone x11  
  172  9:33  Drone  
  172  9:34  Drone  
  172  9:36  Drone  
  172  9:37  Drone  
  187  9:41  Baneling  
  187  9:42  Baneling x22  
  187  9:44  Zergling x2  
  187  9:45  Overlord x2, Zergling x8  
  192  9:56  Infestation Pit  
  189  10:05  Zergling x18  
  189  10:06  Zergling x12  
  170  10:10  Zergling x2  
  170  10:11  Zergling x4  
  149  10:16  Zergling x18  
  151  10:25  Zergling x10  
  151  10:26  Zergling x4  
  151  10:27  Lurker x6  
  151  10:28  Lurker x3  
  167  10:33  Hive  
  167  10:36  Hydralisk, Zergling x2  
  167  10:37  Hydralisk  
  167  10:38  Overlord  
  148  11:09  Hydralisk, Zergling x6  
  148  11:10  Hydralisk x12, Zergling x14  
  176  11:24  Hydralisk  
  176  11:25  Hydralisk x4, Zergling x2  
  172  11:26  Zergling x16  
  180  11:35  Lurker x2  
  169  11:48  Lurker  
  169  11:49  Lurker x8  
  169  11:50  Zergling x8  
  169  11:51  Zergling x32  
  197  12:04  Baneling x9  
  197  12:05  Baneling x8  
  197  12:06  Baneling  
  197  12:10  Zergling x4  
  197  12:14  Hatchery  
Show
View Real Time Build Order
Export as new Build Order

ViBE Zerg 

Build Orders: Hatch First, Roach Hydra 

Get SALT Encoding   

  12  0:00  Drone  
  13  0:13  Overlord  
  13  0:17  Drone  
  14  0:31  Drone x2  
  16  0:50  Hatchery  
  16  0:53  Drone  
  16  0:55  Drone  
  17  0:59  Drone  
  18  1:12  Spawning Pool  
  18  1:15  Drone  
  18  1:19  Drone  
  19  1:29  Extractor, Drone  
  19  1:42  Drone  
  20  1:58  Queen  
  22  2:02  Overlord, Queen, Drone  
  22  2:03  Drone  
  26  2:12  Drone  
  26  2:13  Drone  
  28  2:26  Drone  
  28  2:27  Drone  
  30  2:34  Drone  
  30  2:35  Drone  
  32  2:42  Lair  
  32  2:45  Queen  
  32  2:47  Drone x2  
  36  3:01  Overlord  
  36  3:14  Overlord  
  36  3:19  Roach Warren, Evolution Chamber, Drone x2  
  37  3:20  Drone x6  
  42  3:28  Evolution Chamber, Drone x2  
  43  3:37  Drone x2  
  45  3:41  Extractor  
  45  3:42  Extractor  
  45  3:45  Overlord  
  45  3:47  Drone x2  
  45  3:50  Hatchery  
  44  3:58  Drone x4  
  44  3:59  Glial Reconstitution  
  44  4:00  Zerg Missile Weapons Level 1  
  48  4:03  Overlord  
  48  4:12  Roach  
  48  4:13  Roach  
  52  4:20  Roach x2  
  56  4:30  Roach  
  56  4:31  Roach x2  
  62  4:35  Overlord  
  62  4:38  Overlord  
  62  4:43  Roach x2  
  66  5:01  Drone x7  
  66  5:02  Queen  
  75  5:09  Drone  
  75  5:10  Drone x2  
  78  5:15  Drone  
  78  5:16  Drone x2  
  78  5:21  Hydralisk Den  
  80  5:25  Drone x3  
  80  5:26  Drone x4  
  87  5:33  Extractor  
  87  5:34  Extractor, Drone x2  
  87  5:36  Overlord  
  87  5:43  Overlord  
  87  5:44  Overlord  
  87  5:52  Hatchery  
  87  5:53  Drone x2  
  87  5:54  Extractor  
  87  5:55  Zerg Ground Armor Level 1, Zerg Missile Weapons Level 2  
  87  5:56  Grooved Spines  
  87  5:58  Drone x3  
  87  6:03  Drone x2  
  92  6:06  Hydralisk x3  
  92  6:09  Overlord x3  
  98  6:12  Overseer  
  98  6:29  Overlord  
  98  6:30  Overlord, Hydralisk x3  
  98  6:31  Hydralisk x3  
  110  6:37  Overlord  
  110  6:43  Hydralisk x4  
  110  6:46  Hydralisk  
  120  6:50  Drone x5  
  125  7:00  Drone x5  
  130  7:08  Muscular Augments  
  130  7:09  Drone x3  
  130  7:10  Drone  
  134  7:17  Drone x7  
  134  7:20  Extractor  
  134  7:21  Extractor  
  139  7:25  Drone  
  139  7:26  Drone  
  139  7:27  Overlord x3  
  139  7:28  Overlord  
  141  7:31  Hatchery  
  141  7:32  Infestation Pit  
  141  7:34  Roach x2  
  143  7:40  Roach x3  
  149  7:44  Roach x3  
  149  7:45  Roach x2  
  149  7:46  Overlord x2  
  159  7:52  Roach x2  
  163  8:05  Roach x7  
  177  8:09  Hive  
  177  8:12  Lurker Den  
  176  8:15  Hydralisk x8  
  176  8:17  Overseer  
  192  8:38  Hydralisk  
  192  8:39  Hydralisk x3  
  180  9:01  Drone x17  
  175  9:11  Drone x3  
  175  9:12  Drone  
  175  9:15  Hatchery  
  178  9:22  Hatchery, Drone x2  
  179  9:34  Drone x4  
  179  9:35  Zerg Missile Weapons Level 3, Zerg Ground Armor Level 2  
  179  9:37  Seismic Spines  
  183  9:38  Drone  
  183  9:39  Drone  
  185  9:46  Drone  
  185  9:47  Drone x5  
  185  9:49  Drone x3  
  185  9:50  Hydralisk  
  185  9:51  Hydralisk x2  
  200  10:06  Roach x3  
  144  10:13  Hydralisk x3  
  128  10:20  Queen  
  110  10:26  Roach x9  
  128  10:30  Roach  
  128  10:32  Hydralisk x3  
  128  10:34  Adaptive Talons  
  135  10:43  Hydralisk x8  
  135  10:46  Hydralisk x2  
  135  10:49  Roach x2  
  155  10:50  Roach  
  155  10:59  Hatchery  
  155  11:02  Overseer  
  146  11:12  Hydralisk  
  146  11:13  Hydralisk x6  
  130  11:31  Drone x4  
  130  11:32  Drone x6  
  140  11:35  Extractor  
  140  11:37  Extractor  
  140  11:38  Roach x4  
  146  11:50  Hydralisk x3  
  146  11:51  Hatchery  
  151  11:54  Drone x2  
  153  12:03  Overseer  
  153  12:09  Roach x3, Hydralisk  
  161  12:17  Hydralisk  
  161  12:18  Hydralisk x3  
  161  12:19  Extractor  
Tags
 
Add a new tag
Caveats
  • Supply blocks, unpowered buildings, or Contaminate may cause inaccurate times.
  • Supply counts are checked every 10 seconds.